 Dungeon Crawl Stone Soup version 0.30-a0-439-g9e77e4d916 (webtiles) character file.

Game seed: 10074584506379576718

56 spardeous the Ducker (level 3, -1/15 HPs)
             Began as a Felid Transmuter on Dec 10, 2022.
             Slain by an orc
             ... wielding a +4 morningstar
              (13 damage)
             ... on level 2 of the Dungeon.
             The game lasted 00:03:30 (1854 turns).

spardeous the Ducker (Felid Transmuter)             Turns: 1854, Time: 00:03:31

Health: -1/15      AC:  1    Str:  6    XL:     3   Next: 69%
Magic:  6/7        EV: 19    Int: 14    God:
Gold:   124        SH:  0    Dex: 18    Spells: 2/6 levels left
                                        Lives:  0   Deaths: 0

rFire   . . .      SeeInvis +      - Unarmed
rCold   . . .      Faith    .    (shield unavailable)
rNeg    . . .      Spirit   .    (body armour unavailable)
rPois   .          Reflect  .    (helmet unavailable)
rElec   .          Harm     .    (cloak unavailable)
rCorr   .          Rampage  .    (gloves unavailable)
Will    .....                    (boots unavailable)
Stlth   ++........               (no amulet)
HPRegen 0.22/turn                (no ring)
MPRegen 0.10/turn                (no ring)

@: appendages, quick
A: horns 2, very small, claws 1, fangs 3, see invisible, speed 1, shaggy fur 1,
stealthy paws, no weapons or thrown items, no armour, multi-lived
a: End Transformation


You were on level 2 of the Dungeon.
You had temporarily grown beastly horns.
You visited 1 branch of the dungeon, and saw 2 of its levels.

You collected 174 gold pieces.
You spent 50 gold pieces at shops.

Inventory:

Scrolls
 b - a scroll of magic mapping {unknown}
 d - a scroll of vulnerability {unknown}
 f - 2 scrolls of fear
 g - a scroll of teleportation {unknown}
 i - a scroll of noise {unknown}
Potions
 a - a potion of lignification
 c - 3 potions of berserk rage {unknown}
 e - a potion of might
 h - a potion of curing


   Skills:
 - Level 1.0 Fighting
 + Level 4.3 Dodging
 + Level 3.9 Unarmed Combat
 - Level 2.0 Spellcasting
 - Level 2.1 Transmutations


You had 2 spell levels left.
You knew the following spells:

 Your Spells              Type           Power      Damage    Failure   Level
a - Beastly Appendage     Tmut           14%        N/A       10%         1
b - Spider Form           Tmut/Pois      4%         N/A       41%         3

Your spell library contained the following spells:

 Spells                   Type           Power      Damage    Failure   Level
 Wereblood                Tmut           7%         N/A       14%         2
 Ice Form                 Ice/Tmut       4%         N/A       83%         4
 Passage of Golubria      Tloc           1%         N/A       93%         4
 Silence                  Hex/Air        0%         N/A       100%        5
 Lehudib's Crystal Spear  Conj/Erth      0%         10d2      100%        8


Dungeon Overview and Level Annotations

Branches:
Dungeon (2/15)

Altars:

Shops:
D:1 !?=[[   D:2 [?(


Innate Abilities, Weirdness & Mutations

You have temporarily grown beastly horns.
You have sharp claws.
You have razor-sharp teeth.
You have supernaturally acute eyesight. (SInv)
You cover ground quickly. (Speed+)
You are covered in fur. (AC +1)
Your paws help you pounce on unaware monsters.
You are incapable of wielding weapons or throwing items.
You cannot wear armour.
You gain extra lives every three experience levels.


Message History

The dart slug is almost dead.
The dart slug launches a dart at you. The slug dart hits you.
You are too injured to fight recklessly!
You are too injured to fight recklessly!
You scratch the dart slug.
You kill the dart slug!
Things that are here:
a +0 club; a +0 leather armour You now have 124 gold pieces (gained 10).
Things that are here:
a +0 club; a +0 leather armour
There is a stone staircase leading up here.
Okay, then.
You start resting.
Your horns disappear.
Magic restored.
You start resting.
HP restored.
You open the door.
There is an open door here.
You see here a +0 robe.
You open the door.
There is an open door here.
A kobold comes into view.
It is wielding a +0 short sword of electrocution.
Casting: Beastly Appendage (safe; 10% risk of failure)
Confirm with . or Enter, or press ? or * to list all spells.
You grow a pair of large bovine horns.
The kobold shouts!
The kobold completely misses you.
You closely miss the kobold. The kobold completely misses you.
You scratch the kobold but do no damage.
Your bite misses the kobold. The kobold misses you.
You closely miss the kobold.
The kobold hits you with a +0 short sword of electrocution.
You scratch the kobold.
You kill the kobold!
You scratch the orc but do no damage. The orc hits you with a +4 morningstar!
Ouch! That really hurt!
You die...

#.# #.# #.# #.# #.#
#.# #.# ###.####.###
#.# #..........#
#.#.####.#.# ###...#
#...##
#.'##########'#
#####.#####.#...#.##
#.o@................
#.#######.#.........
# ........#..##.#.
...........##.#.
........#.###.#.
......#..#.##...
....###.###...#.
.... ##.#.####. ...
##.## #.


You could see an orc.

Vanquished Creatures
  An adder (D:2)
  2 dart slugs
  2 orcs (D:2)
  2 bats
  4 endoplasms
  2 giant cockroaches
  3 goblins
  6 hobgoblins
  2 quokkas (D:2)
  4 ball pythons (D:1)
  2 frilled lizards
  7 kobolds
37 creatures vanquished.

Notes
Turn   | Place    | Note
-------+----------+-------------------------------------------
     0 | D:1      | spardeous the Felid Transmuter began the quest for the Orb.
     0 | D:1      | Reached XP level 1. HP: 9/9 MP: 4/4
   138 | D:1      | Reached skill level 3 in Dodging
   266 | D:1      | Found Ybrakhyn's Distillery.
   433 | D:1      | Found Nyasiboc's Armour Shop.
   461 | D:1      | Reached XP level 2. HP: 12/12 MP: 4/6
   617 | D:1      | Found Depnev's Jewellery Boutique.
   710 | D:1      | Found Wyseq's Magic Scroll Boutique.
   714 | D:1      | Bought a scroll of identify for 24 gold pieces
  1007 | D:1      | Found Ikky's Armour Emporium.
  1155 | D:2      | Found Wocw's Weapon Boutique.
  1230 | D:2      | Reached XP level 3. HP: 15/15 MP: 5/7
  1268 | D:2      | Learned a level 3 spell: Spider Form
  1293 | D:2      | Reached skill level 4 in Dodging
  1296 | D:2      | HP: 1/22 [poisoned by an adder]
  1545 | D:2      | Found Atez's Magic Scroll Shoppe.
  1554 | D:2      | Bought a scroll of identify for 26 gold pieces
  1593 | D:2      | Found Naogem's Antique Armour Shoppe.
  1854 | D:2      | Slain by an orc

Illustrated notes

Levels and vault maps discovered:
D:1:      dpeg_arrival_rooms_a, layout_loops_corners, serial_shops, shop, shop,
          shop, shop, nicolae_shop_trees
D:2:      layout_loops_ring, serial_shops, shop_fountains,
          nicolae_shop_behind_doors,
          nicolae_shop_temple_entry_statues_fountains, shop, shop_coins,
          roderic_st_hans_cross

Skill      XL: |  1  2  3 |
---------------+----------+-----
Dodging        | 3 4 |  4.3
Fighting       | |  1.0
Unarmed Combat | |  3.9
Spellcasting   | |  2.0
Transmutations | |  2.1

Action                   || total
-------------------------++-------
Melee: Unarmed           ||    90
       Headbutt          ||    18
       Bite              ||     7
       Punch             ||     6
 Cast: Beastly Appendage ||    36
  Use: Scroll            ||     3
       Potion            ||     1
 Stab: Sleeping          ||     2
Armor: Skin              ||     2
Dodge: Dodged            ||    54

Table legend: (Time is in decaauts)
 A = Elapsed time spent in this place.
 B = Non-inter-level travel time spent in this place.
 C = Inter-level travel time spent in this place.
 D = Time resting spent in this place.
 E = Time spent auto-exploring this place.
 F = Levels seen in this place.
 G = Mean time per level.
                   A        B        C        D        E       F      G
               +--------+--------+--------+--------+--------+-----+--------+
         Total |   1588 |   1552 |     36 |     96 |   1157 |   2 |  794.0 |
       Dungeon |   1588 |   1552 |     36 |     96 |   1157 |   2 |  794.0 |
               +--------+--------+--------+--------+--------+-----+--------+

Top non-repeatable levels by time:
     D:1: 949 daAuts
     D:2: 638 daAuts
